 Dungeon Crawl Stone Soup version 0.21.1-1-g345015fe64 (webtiles) character file.

390 Lentor the Slasher (level 6, -3/56 HPs)
             Began as a Minotaur Berserker on June 11, 2018.
             Was a Priest of Trog.
             Slain by a sky beast (5 damage)
             ... on level 4 of the Dungeon.
             The game lasted 00:04:17 (3368 turns).

Lentor the Slasher (Minotaur Berserker)             Turns: 3368, Time: 00:04:17

Health: -3/56      AC:  3    Str: 24    XL:     6   Next: 50%
Magic:  5/5        EV: 13    Int:  4    God:    Trog [***...]
Gold:   236        SH:  0    Dex:  9    Spells: 5/5 levels left

rFire    . . .     SeeInvis .   a - +0 falchion
rCold    . . .     Gourm    .   (no shield)
rNeg     + . .     Faith    .   r - +0 leather armour
rPois    .         Spirit   .   (helmet restricted)
rElec    .         Reflect  .   (no cloak)
rCorr    .         Harm     .   (no gloves)
MR       .....                  (no boots)
Stlth    +.........             (no amulet)
HPRegen  0.18/turn              i - ring of positive energy
MPRegen  0.09/turn              (no ring)

@: no status effects
A: retaliatory headbutt, horns 2
a: Berserk, Trog's Hand, Burn Spellbooks, Renounce Religion


You were on level 4 of the Dungeon.
You worshipped Trog.
Trog was most pleased with you.
You were hungry.

You visited 2 branches of the dungeon, and saw 6 of its levels.

You collected 236 gold pieces.

Inventory:

Hand Weapons
 a - a +0 falchion (weapon)
Armour
 r - a +0 leather armour (worn)
Jewellery
 i - a ring of positive energy (left hand)
 t - a +3 ring of evasion {unknown}
Scrolls
 b - a scroll of blinking {unknown}
 d - 5 scrolls of teleportation {unknown}
 f - 5 scrolls of identify {unknown}
 h - a scroll of fog {unknown}
 j - a scroll of noise {unknown}
 l - a scroll of amnesia {unknown}
 q - a scroll of enchant weapon {unknown}
Potions
 e - 2 potions of mutation {unknown}
 g - 5 potions of curing {unknown}
 k - 2 potions of brilliance {unknown}
 m - 2 potions of degeneration {unknown}
 n - a potion of haste {unknown}
 o - 2 potions of ambrosia {unknown}
 p - a potion of flight {unknown}
 s - 2 potions of agility {unknown}
Comestibles
 c - 7 rations


   Skills:
 + Level 5.4 Fighting
 + Level 6.4 Long Blades
 + Level 2.9 Armour
 + Level 3.5 Dodging
 + Level 1.8 Stealth


You had 5 spell levels left.
You didn't know any spells.

Dungeon Overview and Level Annotations

Branches:
Dungeon (5/15)             Temple (1/1) D:4

Altars:
Cheibriados
Dithmenos
Fedhas
Gozag
Hepliaklqana
Kikubaaqudgha
Makhleb
Nemelex Xobeh
Qazlal
Ru
Sif Muna
Trog
Vehumet
Wu Jian
Yredelemnul


Innate Abilities, Weirdness & Mutations

You reflexively headbutt those who attack you in melee.
You have a pair of horns on your head.


Message History

Something hits you.
* * * LOW HITPOINT WARNING * * *
Something shocks you.
* * * LOW HITPOINT WARNING * * *
The adder closely misses you. You furiously retaliate!
You headbutt the adder!
You riposte.
You slash the adder!
You kill the adder!
Trog accepts your kill.
There is a stone staircase leading up here.
Something hits you but does no damage.
You climb upwards.
There is a stone staircase leading down here.
You start resting.
Something hits you.
* * * LOW HITPOINT WARNING * * *
Something shocks you.
* * * LOW HITPOINT WARNING * * *
Something hits you.
* * * LOW HITPOINT WARNING * * *
Something shocks you.
You die...

...#.....+.........#...........##
...#.....#+####....#.............
...#..........#....#.....##....##
...#..........'....#.....##....##
'###..........######.............
...######..........#...........##
........#..........#...........##
........#..........#.....##....##
........#.......@>.#.....##'#####
...####+#..........#.....#......#
...##...######.....#.....#......#
.............#..(..#.....#......#
.............#.....#.....#......#
.............#(....#.....#......#
#####...######(....#....###...###
...##...#....)).#######+###...#..
...#....#....().#.......<.....+..


There were no monsters in sight!

Vanquished Creatures
  A black bear (D:4)
  A howler monkey (D:4)
  A centaur skeleton (D:4)
  2 worker ants
  7 gnolls
  4 adders
  An ooze (D:4)
  5 worms
  2 dart slugs
  5 leopard geckos
  2 orcs (D:3)
  3 giant cockroaches
  10 hobgoblins
  A quokka (D:3)
  A bat (D:1)
  5 frilled lizards
  9 goblins
  7 kobolds
  8 rats
75 creatures vanquished.

Notes
Turn   | Place    | Note
-------+----------+-------------------------------------------
     0 | D:1      | Lentor the Minotaur Berserker began the quest for the Orb.
     0 | D:1      | Reached XP level 1. HP: 19/19 MP: 0/0
    69 | D:1      | Reached XP level 2. HP: 17/27 MP: 1/1
   345 | D:1      | Reached skill level 4 in Long Blades
   754 | D:1      | Reached XP level 3. HP: 27/33 MP: 2/2
   768 | D:1      | Reached ** piety under Trog
   952 | D:2      | Reached XP level 4. HP: 28/41 MP: 3/3
  1501 | D:3      | Reached skill level 1 in Stealth
  1714 | D:3      | Found a faded altar of an unknown god.
  2115 | D:4      | Reached skill level 5 in Long Blades
  2115 | D:4      | Reached XP level 5. HP: 47/47 MP: 4/4
  2129 | D:4      | Reached skill level 5 in Fighting
  2159 | D:4      | Found a staircase to the Ecumenical Temple.
  2199 | Temple   | Entered the Ecumenical Temple
  2440 | D:4      | Noticed a black bear
  2444 | D:4      | Killed a black bear
  2444 | D:4      | Reached *** piety under Trog
  2537 | D:4      | Reached XP level 6. HP: 42/56 MP: 5/5
  2541 | D:4      | Reached skill level 6 in Long Blades
  3119 | D:4      | Found a sparkling altar of Nemelex Xobeh.
  3341 | D:5      | Entered Level 5 of the Dungeon
  3348 | D:5      | Noticed a sky beast
  3368 | D:4      | HP: 2/56 [something (2)]
  3368 | D:4      | Slain by a sky beast

Skill      XL: |  1  2  3  4  5  6 |
---------------+-------------------+-----
Fighting       | 4 5 |  5.4
Long Blades    | 4 5 6 |  6.4
Dodging        | 3 |  3.5
Stealth        | 1 |  1.8
Armour         | |  2.9

Action                   |  1- 3 |  4- 6 || total
-------------------------+-------+-------++-------
Melee: Falchion          |    75 |    86 ||   161
       Headbutt          |    12 |    20 ||    32
Invok: Burn Spellbooks   |       |     1 ||     1
       Berserk           |       |     1 ||     1
 Stab: Sleeping          |     1 |     1 ||     2
  Eat: Chunk             |       |     8 ||     8
Armor: Animal skin       |    11 |     2 ||    13
       Leather armour    |       |    10 ||    10
Dodge: Dodged            |    52 |    49 ||   101
       Rpst.: Falchion   |    11 |     8 ||    19
